Map: [ESL] Oceanborn

Players

Zain

  • Race: Protoss Protoss
  • Spawn Location: 11:00

SKillous - Winner!

  • Race: Protoss Protoss
  • Spawn Location: 5:00

Event: ESL Spring 2024 Finals

VOD

Have the link to the VOD?

Description

Time

  • Played on: May 31, 2024, 11:42 a.m.
  • Length: 4:37

All games in this series

Show
View Real Time Build Order
Export as new Build Order

Zain Protoss 

Build Orders:  

Get SALT Encoding   

  12  0:00  Probe  
  13  0:12  Probe  
  14  0:17  Pylon  
  14  0:24  Probe (Chrono Boost)  
  16  0:36  Probe (Chrono Boost)  
  16  0:37  Gateway  
  16  0:43  Probe (Chrono Boost)  
  16  0:46  Assimilator  
  17  0:50  Probe  
  17  0:54  Assimilator  
  18  1:03  Probe (Chrono Boost)  
  19  1:08  Gateway  
  19  1:14  Probe (Chrono Boost)  
  20  1:19  Probe (Chrono Boost)  
  21  1:25  Cybernetics Core  
  21  1:29  Probe  
  22  1:40  Pylon  
  22  1:41  Probe  
  23  1:58  Probe  
  24  2:01  Sentry  
  24  2:03  Warp Gate (Chrono Boost)  
  28  2:10  Sentry, Probe  
  29  2:18  Pylon  
  29  2:22  Probe  
  30  2:27  Pylon  
  30  2:34  Probe  
  31  2:42  Nexus  
  31  2:46  Probe  
  31  2:48  Sentry  
  34  2:53  Stalker  
  36  3:03  Robotics Facility  
  36  3:09  Probe  
  35  3:30  Probe  
  34  3:49  Stalker x2  
  34  3:53  Probe, Immortal (Chrono Boost)  
  34  3:55  Probe  
  40  4:13  Stalker x2  
  43  4:35  Pylon  
Show
View Real Time Build Order
Export as new Build Order

SKillous Protoss - Winner!

Build Orders:  

Get SALT Encoding   

  12  0:00  Probe  
  13  0:12  Probe  
  14  0:17  Pylon  
  14  0:24  Probe (Chrono Boost)  
  15  0:36  Probe (Chrono Boost)  
  15  0:39  Gateway  
  16  0:44  Probe (Chrono Boost)  
  16  0:46  Assimilator  
  17  0:50  Probe  
  18  1:00  Assimilator  
  18  1:03  Probe (Chrono Boost)  
  20  1:12  Gateway, Probe (Chrono Boost)  
  20  1:17  Probe (Chrono Boost)  
  21  1:27  Cybernetics Core  
  21  1:29  Probe  
  22  1:37  Pylon  
  22  1:41  Probe  
  23  1:55  Probe  
  24  2:04  Stalker x2  
  24  2:06  Warp Gate  
  28  2:12  Pylon  
  28  2:24  Robotics Facility  
  28  2:34  Stalker  
  30  2:37  Stalker  
  32  2:46  Gateway  
  32  3:04  Stalker  
  34  3:09  Warp Prism (Chrono Boost)  
  36  3:19  Stalker  
  38  3:27  Pylon  
  36  3:56  Stalker x2  
  36  3:57  Stalker  
  36  4:00  Pylon  
  42  4:10  Pylon  
  40  4:19  Adept x2  
  40  4:21  Adept  
Tags
 
Add a new tag
Caveats
  • Supply blocks, unpowered buildings, or Contaminate may cause inaccurate times.
  • Supply counts are checked every 10 seconds.